 Dungeon Crawl Stone Soup version 0.27.1-33-g824d729ab1 (webtiles) character file.

Game seed: 3397498237534503538

200 pkoi the Ruffian (level 5, 0/41 HPs)
             Began as a Draconian Gladiator on Dec 1, 2021.
             Was an Initiate of the Shining One.
             Slain by a kobold brigand (2 damage)
             ... on level 3 of the Dungeon.
             The game lasted 00:02:53 (3049 turns).

pkoi the Ruffian (Draconian Gladiator)              Turns: 3049, Time: 00:02:53

Health: 0/41       AC:  5    Str: 16    XL:     5   Next: 48%
Magic:  5/5        EV: 12    Int:  9    God:    the Shining One [......]
Gold:   158        SH:  0    Dex: 13    Spells: 4/4 levels left

rFire    . . .     SeeInvis .     - Unarmed
rCold    . . .     Faith    .   (no shield)
rNeg     . . .     Spirit   .   (armour unavailable)
rPois    .         Reflect  .   a - +0 hat
rElec    .         Harm     .   (no cloak)
rCorr    .         Rampage  .   (no gloves)
Will     .....                  (no boots)
Stlth    +.........             (no amulet)
HPRegen  0.13/turn              (no ring)
MPRegen  0.09/turn              (no ring)

@: glowing
A: AC +5, unfitting armour, cold-blooded
a: Renounce Religion


You were on level 3 of the Dungeon.
You worshipped the Shining One.
The Shining One was noncommittal.
You visited 1 branch of the dungeon, and saw 3 of its levels.

You collected 158 gold pieces.

Inventory:

Missiles
 b - 3 throwing nets (quivered)
Armour
 a - a +0 hat (worn)
Jewellery
 c - the ring of Trepidation {rPois rF- rC++ rN+ Str+6}
   (You acquired it on level 3 of the Dungeon)

   [ring of strength]

   Str:       It affects your strength (+6).
   rF:        It makes you vulnerable to fire.
   rC:        It greatly protects you from cold.
   rPois:     It protects you from poison.
   rN:        It protects you from negative energy.
Scrolls
 d - a scroll of noise {unknown}
 f - a scroll of identify {unknown}
Potions
 e - a potion of berserk rage {unknown}
 g - a potion of resistance {unknown}


   Skills:
 - Level 2.1 Fighting
 - Level 1.7 Throwing
 - Level 2.6 Dodging
 * Level 6.2 Unarmed Combat
 + Level 0.3 Invocations


You had 4 spell levels left.
You didn't know any spells.
Your spell library contained the following spells:

 Spells                   Type           Power      Damage    Failure   Level
 Foxfire                  Conj/Fire      0%         2x1d4     38%         1
 Blink                    Tloc           N/A        N/A       52%         2
 Corpse Rot               Necr/Air       N/A        N/A       52%         2
 Ignite Poison            Fire/Tmut/Pois 0%         N/A       77%         3
 Lesser Beckoning         Tloc           0%         N/A       77%         3
 Dispel Undead            Necr           0%         3d6       99%         4
 Sticky Flame             Conj/Fire      0%         2d3       99%         4
 Fireball                 Conj/Fire      0%         3d3       100%        5
 Manifold Assault         Tloc           0%         N/A       100%        5
 Death Channel            Necr           0%         N/A       100%        6
 Starburst                Conj/Fire      0%         6d3       100%        6


Dungeon Overview and Level Annotations

Branches:
Dungeon (3/15)

Altars:
Ru
Wu Jian
The Shining One

Annotations:
D:2 1 runed translucent door, Crazy Yiuf


Innate Abilities, Weirdness & Mutations

Your plain brown scales are hard. (AC +5)
You cannot fit into any form of body armour.
You are cold-blooded and may be slowed by cold attacks.


Message History

You are too injured to fight recklessly!
You are too injured to fight recklessly!
You are too injured to fight recklessly!
You punch the kobold brigand!
Your tail-slap misses the kobold brigand.
The kobold brigand is heavily wounded.
The kobold hits you with a +0 club.
* * * LOW HITPOINT WARNING * * *
The kobold brigand closely misses you.
You hit the kobold brigand.
You tail-slap the kobold brigand, but do no damage.
The kobold brigand is heavily wounded.
The kobold misses you.
The kobold brigand hits you with a +0 short sword!
* * * LOW HITPOINT WARNING * * *
You hit the kobold brigand.
The kobold brigand is severely wounded.
The kobold hits you with a +0 club.
* * * LOW HITPOINT WARNING * * *
The kobold brigand hits you with a +0 short sword.
* * * LOW HITPOINT WARNING * * *
You hit the kobold brigand.
The kobold brigand is almost dead.
The kobold closely misses you.
You closely miss the kobold brigand.
Your tail-slap misses the kobold brigand.
You punch the kobold brigand.
The kobold brigand is almost dead.
The kobold brigand completely misses you.
The kobold hits you but does no damage.
You barely miss the kobold brigand.
The kobold brigand is almost dead.
The kobold brigand hits you with a +0 short sword!
* * * LOW HITPOINT WARNING * * *
The kobold closely misses you.
Unknown command.
You hit the kobold brigand but do no damage.
The kobold brigand is almost dead.
The kobold brigand hits you with a +0 short sword.
You die...

.................................
.................................
≈≈..≈.....≈.≈≈≈≈≈≈≈.≈≈≈≈≈.≈.≈≈≈..
≈≈≈≈.....≈≈≈≈≈≈≈≈≈≈≈≈≈≈≈≈≈≈≈≈≈≈≈≈
≈≈≈≈.....≈≈≈≈≈≈≈≈≈≈≈≈≈≈≈≈≈≈≈≈≈≈≈≈
≈≈≈≈≈|....≈≈≈≈≈≈≈≈≈≈≈≈≈≈≈≈≈≈≈≈≈≈#
######''#########################
#....#.....K.#........
#....#.....K@'........
##....#########........
#......#..........#####
+......'..(.......#
#......#..........#
##....#########...... #....#
+....... #....# #........ ######
#########


You could see a kobold brigand and a kobold.

Vanquished Creatures
  Jessica (D:2)
  Robin (D:2)
  9 adders
  A worm (D:2)
  2 dart slugs
  2 orcs (D:3)
  5 bats
  4 endoplasms
  2 giant cockroaches (D:3)
  19 goblins
  3 hobgoblins
  4 quokkas
  6 ball pythons
  3 frilled lizards
  8 kobolds
  5 rats
75 creatures vanquished.

Vanquished Creatures (others)
  3 fungi (D:2)
3 creatures vanquished.

Grand Total: 78 creatures vanquished

Notes
Turn   | Place    | Note
-------+----------+-------------------------------------------
     0 | D:1      | pkoi the Draconian Gladiator began the quest for the Orb.
     0 | D:1      | Reached XP level 1. HP: 17/17 MP: 1/1
    98 | D:1      | Reached XP level 2. HP: 19/24 MP: 2/2
   405 | D:1      | Reached skill level 4 in Unarmed Combat
   617 | D:1      | Reached XP level 3. HP: 22/29 MP: 3/3
   818 | D:2      | Noticed Jessica
   822 | D:2      | Killed Jessica
   934 | D:2      | Reached XP level 4. HP: 15/36 MP: 4/4
  1443 | D:2      | Reached skill level 5 in Unarmed Combat
  1799 | D:2      | Got the Compendium of the Volcanoes
  1816 | D:2      | Noticed Robin
  2285 | D:2      | Killed Robin
  2286 | D:2      | Reached XP level 5. HP: 20/41 MP: 5/5
  2458 | D:2      | Found a runed translucent door.
  2459 | D:2      | Noticed Crazy Yiuf
  2503 | D:3      | Identified a scroll of acquirement
  2503 | D:3      | Acquired the ring of Trepidation {rPois rF- rC++ rN+ Str+6}
  2640 | D:3      | Reached skill level 6 in Unarmed Combat
  2719 | D:3      | Found a sacrificial altar of Ru.
  2721 | D:3      | Found a glowing golden altar of the Shining One.
  2722 | D:3      | Found an ornate altar of the Wu Jian Council.
  2750 | D:3      | Became a worshipper of the Shining One
  3048 | D:3      | HP: 2/41 [kobold brigand (7)]
  3049 | D:3      | Slain by a kobold brigand

Illustrated notes

Levels and vault maps discovered:
D:1:      saegor_arrival_simple_d, layout_basic
D:2:      minmay_general_purpose_star, layout_basic, uniq_crazy_yiuf_cottage,
          uniq_robin, uniq_jessica
D:3:      minmay_goblin_kobold_castle, layout_basic,
          chequers_temple_overflow_statue_of_worship

Skill      XL: |  1  2  3  4  5 |
---------------+----------------+-----
Unarmed Combat | 4 5 6 |  6.2
Fighting       | |  2.1
Throwing       | |  1.7
Dodging        | |  2.6
Invocations    | |  0.3

Action                   |  1- 3 |  4- 6 || total
-------------------------+-------+-------++-------
Melee: Unarmed           |    74 |   162 ||   236
       Tailslap          |    10 |    11 ||    21
       Punch             |     2 |     1 ||     3
  Use: Potion            |       |     1 ||     1
       Scroll            |       |     1 ||     1
 Stab: Sleeping          |     2 |     1 ||     3
Armor: Skin              |    19 |    58 ||    77
Dodge: Dodged            |    50 |    83 ||   133
